 Dungeon Crawl Stone Soup version 0.25-a0-634-gd1561dc703 (webtiles) character file.

Game seed: 11968949741269854137, levelgen mode: deterministic

13 An17 the Sneak (level 2, -1/19 HPs)
             Began as a Vampire Enchanter on Mar 20, 2020.
             Slain by a goblin (2 damage)
             ... led by Robin
             ... on level 2 of the Dungeon.
             The game lasted 00:01:04 (160 turns).

An17 the Sneak (Vampire Enchanter)                   Turns: 160, Time: 00:01:05

Health: -1/19      AC:  3    Str:  7    XL:     2   Next: 24%
Magic:  1/5        EV: 12    Int: 17    God:
Gold:   47         SH:  0    Dex: 14    Spells: 2/5 levels left

rFire    . . .     SeeInvis +   a - +1 dagger
rCold    . . .     Gourm    .   (no shield)
rNeg     . . .     Faith    .   d - +0 leather armour
rPois    .         Spirit   .   (no helmet)
rElec    .         Reflect  .   (no cloak)
rCorr    .         Harm     .   (no gloves)
MR       .....                  (no boots)
Stlth    +++.......             (no amulet)
HPRegen  0.26/turn              (no ring)
MPRegen  0.09/turn              (no ring)

@: regenerating quickly
A: no food, fangs 3, see invisible, unbreathing
a: Exsanguinate


You were on level 2 of the Dungeon.
You were alive.

You visited 1 branch of the dungeon, and saw 2 of its levels.

You collected 47 gold pieces.

Inventory:

Hand Weapons
 a - a +1 dagger (weapon)
Armour
 d - a +0 leather armour (worn)
Potions
 c - a potion of might {unknown}


   Skills:
 + Level 1.1 Short Blades
 + Level 0.1 Armour
 + Level 2.2 Dodging
 + Level 5.1 Stealth
 + Level 2.1 Spellcasting
 + Level 4.7 Hexes


You had 2 spell levels left.
You knew the following spells:

 Your Spells              Type           Power        Failure   Level  Hunger
a - Corona                Hex            ###....      4%          1    N/A
b - Ensorcelled Hibernat  Hex/Ice        #.....       16%         2    N/A

Your spell library contained the following spells:

 Spells                   Type           Power        Failure   Level  Hunger
 Confusing Touch          Hex            ###.....     12%         3    N/A
 Tukima's Dance           Hex            ###.....     12%         3    N/A
 Dazzling Flash           Conj/Hex       #.....       32%         3    N/A

Dungeon Overview and Level Annotations

Branches:
Dungeon (1/15)

Altars:

Annotations:
D:2 Robin


Innate Abilities, Weirdness & Mutations

You do not eat.
Your natural rate of healing is unusually fast.
You have razor-sharp teeth.
You have supernaturally acute eyesight. (SInv)
You can survive without breathing.


Message History

Press: ? - help, Shift-Dir - straight line, f - goblin
Aim: a goblin (unusually strong, chance to defeat MR: 58%)
The goblin resists with significant effort.
The goblin hits you with a +0 club.
* * * LOW HITPOINT WARNING * * *
The goblin barely misses you.
You hit the goblin.
The goblin is heavily wounded.
The goblin hits you but does no damage.
Robin says, "My army is invincible!"
The goblin barely misses you.
Casting: Ensorcelled Hibernation (safe; 16% risk of failure)
Confirm with . or Enter, or press ? or * to list all spells.
You don't know that spell.
Unknown command.
Unknown command.
You closely miss the goblin.
The goblin is heavily wounded.
The goblin barely misses you. The goblin hits you.
You die...

##.#.%### #.#...........# #.
..
#..#######.#.#########.#####.
# #.........[..# #.......##.
##.##......### #.##.##.##.
#.#############.##.##.##. #
#.............[...
#.######.##.##.### #g#
#.##.##.# # #@# #.......# #
#g# ####.#### # #g# #.# #


#gg #.# # .gg #.# # ##.. # .# # .# You could see Robin, a hobgoblin and 5
goblins.

Vanquished Creatures
  2 bats (D:2)
  A giant cockroach (D:2)
  A hobgoblin (D:1)
  A ball python (D:2)
  A frilled lizard (D:2)
  5 goblins (D:2)
  A rat (D:2)
12 creatures vanquished.

Notes
Turn   | Place    | Note
-------+----------+-------------------------------------------
     0 | D:1      | An17 the Vampire Enchanter began the quest for the Orb.
     0 | D:1      | Reached XP level 1. HP: 13/13 MP: 3/3
    14 | D:1      | You fall into a shaft and drop 1 floor!
   104 | D:2      | Reached skill level 5 in Stealth
   111 | D:2      | Reached XP level 2. HP: 17/19 MP: 5/5
   139 | D:2      | Learned a level 2 spell: Ensorcelled Hibernation
   146 | D:2      | Noticed Robin
   160 | D:2      | Slain by a goblin

Levels and vault maps discovered:
D:1:      wander_arrival_desolate, layout_rooms
D:2:      layout_loops_ring, first_ration, st_stairs_13, uniq_robin,
          uniq_natasha, uniq_terence

Skill      XL: |  1 |
---------------+----+-----
Stealth        | 5 |  5.1
Short Blades   | |  1.1
Armour         | |  0.1
Dodging        | |  2.2
Spellcasting   | |  2.1
Hexes          | |  4.7

Action                   || total
-------------------------++-------
Melee: Dagger            ||    42
       Bite              ||     2
 Cast: Ensorcelled Hiber ||     2
  Use: Scroll            ||     1
 Stab: Sleeping          ||     3
Armor: Leather armour    ||    18
       Robe              ||     1
Dodge: Dodged            ||    27

Table legend:
 A = Non-vault XP
 B = Vault XP
 C = Vault XP percentage of total XP
 D = Non-vault monster count
 E = Vault monster count
 F = Vault count percentage of total count
                 A         B        C        D         E       F
            +---------+---------+-------+---------+---------+-------
      Total |      12 |       7 |  36.8 |       8 |       4 |  33.3
            +---------+---------+-------+---------+---------+-------
        D:1 |       2 |       0 |   0.0 |       1 |       0 |   0.0
        D:2 |      10 |       7 |  41.2 |       7 |       4 |  36.4
            +---------+---------+-------+---------+---------+-------
